 Dungeon Crawl Stone Soup version 0.20.1-1-g8b1a95d (webtiles) character file.

131 polve the Slasher (level 4, -6/35 HPs)
             Began as a Demonspawn Berserker on July 6, 2017.
             Was a Believer of Trog.
             Mangled by an orc
             ... wielding a +0 club
              (7 damage)
             ... on level 3 of the Dungeon.
             The game lasted 00:02:21 (3017 turns).

polve the Slasher (Demonspawn Berserker)            Turns: 3017, Time: 00:02:21

Health: -6/35      AC:  2    Str: 17    XL:     4   Next: 91%
Magic:  4/4        EV: 15    Int:  8    God:    Trog [**....]
Gold:   109        SH:  0    Dex: 14    Spells: 3/3 levels left

rFire    . . .     SeeInvis .   a - +0 falchion
rCold    . . .     Gourm    .   (no shield)
rNeg     . . .     Faith    .   b - +0 animal skin
rPois    .         Spirit   .   (no helmet)
rElec    .         Reflect  .   (no cloak)
rCorr    .         Harm     .   (no gloves)
MR       .....                  (no boots)
Stlth    ++........             (no amulet)
Regen    0.2/turn               g - +3 ring of evasion
MPRegen  0.1/turn               (no ring)

@: lethally poisoned (-6 -> -9), slowed, very slow
A: claws 1, nightstalker 1
a: Berserk, Trog's Hand, Burn Spellbooks, Renounce Religion


You were on level 3 of the Dungeon.
You worshipped Trog.
Trog was pleased with you.
You were not hungry.

You visited 1 branch of the dungeon, and saw 3 of its levels.

You collected 109 gold pieces.

Inventory:

Hand Weapons
 a - a +0 falchion (weapon)
Armour
 b - a +0 animal skin (worn)
 l - a +0 pair of gloves
Jewellery
 g - a +3 ring of evasion (left claw)
 k - an uncursed amulet of regeneration {unknown}
 m - an uncursed ring of wizardry {unknown}
 p - an uncursed amulet of faith {unknown}
Scrolls
 d - a scroll of fog {unknown}
 e - a scroll of fear {unknown}
 h - a scroll of teleportation {unknown}
 i - a scroll of enchant weapon {unknown}
 j - a scroll of immolation {unknown}
 n - 2 scrolls of identify {unknown}
 q - a scroll of magic mapping {unknown}
Comestibles
 c - 2 bread rations
 f - 4 chunks of flesh
 o - a royal jelly


   Skills:
 - Level 3.0 Fighting
 - Level 5.1 Long Blades
 - Level 1.7 Armour
 - Level 1.7 Dodging
 + Level 0.1 Unarmed Combat


You had 3 spell levels left.
You didn't know any spells.

Dungeon Overview and Level Annotations

Branches:
Dungeon (3/15)

Altars:
Makhleb

Annotations:
D:3 tmwrnj's ghost, amateur HOFi


Innate Abilities, Weirdness & Mutations

You have sharp fingernails.
You are slightly more attuned to the shadows.


Message History

The orc closely misses you. The goblin hits you with a dagger.
* * * LOW HITPOINT WARNING * * *
The leopard gecko closely misses you.
You riposte.
You hit the leopard gecko.
The leopard gecko is severely wounded.
The goblin hits you with a dagger.
* * * LOW HITPOINT WARNING * * *
The orc hits you with a club.
* * * LOW HITPOINT WARNING * * *
The orc closely misses you.
* * * LOW HITPOINT WARNING * * *
You feel sick. The leopard gecko bites you.
* * * LOW HITPOINT WARNING * * *
The goblin closely misses you. The leopard gecko barely misses you.
Things that are here:
a club; a curare-tipped needle; a hobgoblin corpse The goblin hits you with a dagger.
* * * LOW HITPOINT WARNING * * *
Tmwrnj's ghost says, "My insurmountable tactics guarantee your defeat."
The orc hits you with a club!
You die...

.## #...####
.. .......#
.# .......#
#.## .......#
...#
<...$$w##...#
....K.g@....#
.....lo#.####
..>.ooo#.#
.....Wg#<#
.......###
...###.# #..
#.# #. ...
#..


You could see a worm, tmwrnj's ghost, 4 orcs, a leopard gecko, 2 goblins and a
kobold.

Vanquished Creatures
  6 adders (D:2)
  2 worms (D:2)
  3 dart slugs
  2 leopard geckos (D:1)
  7 giant cockroaches
  5 goblins
  6 hobgoblins
  8 jackals
  3 kobolds (D:1)
  A quokka (D:2)
  9 bats
  4 frilled lizards
  8 rats
64 creatures vanquished.

Vanquished Creatures (others)
  A minotaur (D:1)
  A gargoyle (D:1)
  2 elves (D:1)
  A troll (D:1)
  A formicid (D:1)
  3 humans (D:1)
  An ogre (D:1)
  A centaur (D:1)
  A kobold (D:1)
  4 tentacles (D:1)
16 creatures vanquished.

Grand Total: 80 creatures vanquished

Notes
Turn   | Place    | Note
-------+----------+-------------------------------------------
     0 | D:1      | polve the Demonspawn Berserker began the quest for the Orb.
     0 | D:1      | Reached XP level 1. HP: 18/18 MP: 1/1
     0 | D:1      | Noticed a human
     0 | D:1      | Noticed a gargoyle
     0 | D:1      | Noticed a minotaur
     0 | D:1      | Noticed an elf
     0 | D:1      | Noticed a human
     0 | D:1      | Noticed a troll
     0 | D:1      | Noticed a kraken
     0 | D:1      | Noticed an elf
     0 | D:1      | Noticed an ogre
     0 | D:1      | Noticed a centaur
     0 | D:1      | Noticed a formicid
     0 | D:1      | Noticed a human
     2 | D:1      | Killed a centaur
     4 | D:1      | Killed an ogre
     4 | D:1      | Killed a human
     5 | D:1      | Killed a minotaur
     6 | D:1      | Killed an elf
     7 | D:1      | Killed a troll
     7 | D:1      | Killed an elf
     8 | D:1      | Killed a formicid
     9 | D:1      | Killed a human
    10 | D:1      | Killed a gargoyle
    10 | D:1      | Killed a human
   104 | D:1      | Reached skill level 3 in Long Blades
   255 | D:1      | Gained mutation: You are slightly more attuned to the shadows. [demonic ancestry]
   255 | D:1      | Reached XP level 2. HP: 23/24 MP: 2/2
   923 | D:1      | Reached ** piety under Trog
   923 | D:1      | Gained mutation: You have sharp fingernails. [demonic ancestry]
   923 | D:1      | Reached XP level 3. HP: 29/29 MP: 3/3
  1196 | D:1      | Reached skill level 4 in Long Blades
  1831 | D:2      | Reached XP level 4. HP: 35/35 MP: 4/4
  1853 | D:2      | Found a burning altar of Makhleb.
  1853 | D:2      | Noticed a balrug
  1856 | D:2      | Noticed a neqoxec
  1856 | D:2      | Noticed an orange demon
  2408 | D:2      | Reached skill level 5 in Long Blades
  2938 | D:2      | Found a faded altar of an unknown god.
  3009 | D:3      | Noticed tmwrnj's ghost (amateur HOFi)
  3017 | D:3      | HP: 1/35 [goblin/dagger (1)]
  3017 | D:3      | Mangled by an orc

Skill      XL: |  1  2  3  4 |
---------------+-------------+-----
Long Blades    | 3 4 5 |  5.1
Fighting       | |  3.0
Armour         | |  1.7
Dodging        | |  1.7
Unarmed Combat | |  0.1

Action                   |  1- 3 |  4- 6 || total
-------------------------+-------+-------++-------
Melee: Falchion          |   140 |    80 ||   220
 Stab: Sleeping          |     2 |     1 ||     3
  Eat: Chunk             |     3 |     4 ||     7
Armor: Animal skin       |    26 |     7 ||    33
Dodge: Dodged            |   138 |   100 ||   238
       Rpst.: Falchion   |    41 |    28 ||    69
